 Dungeon Crawl Stone Soup version 0.30-a0-743-gbfdf073431 (webtiles) character file.

Game seed: 1111410932987281030

243 oldriver the Shooter (level 6, -1/52 HPs)
             Began as a Meteoran Hunter on Feb 6, 2023.
             Slain by an orc
             ... wielding a +0 dagger
              (2 damage)
             ... on level 3 of the Dungeon.
             The game lasted 00:06:56 (1599 turns).

oldriver the Shooter (Meteoran Hunter)              Turns: 1599, Time: 00:06:57

Health: -1/52      AC:  5    Str:  8 (11) XL:     6   Next: 58%
Magic:  7/7        EV: 12    Int: 13 (15) God:
Gold:   111        SH:  0    Dex: 17 (19) Spells: 5/5 levels left

rFire   + . .      SeeInvis .    a - +0 shortbow
rCold   + . .      Faith    .    (shield currently unavailable)
rNeg    . . .      Spirit   .    c - +0 leather armour
rPois   +          Reflect  .    (no helmet)
rElec   +          Harm     .    i - +0 cloak
rCorr   +          Rampage  .    f - +0 pair of gloves
Will    .....                    (no boots)
Stlth   +                        (no amulet)
HPRegen 0.28/turn                (no ring)
MPRegen 0.10/turn                (no ring)

@: resistant, attractive, glowing
A: sense surroundings 1, otherworldly, glowing, explore regen, clever 1
a: no special abilities


You were on level 3 of the Dungeon.
You visited 1 branch of the dungeon, and saw 3 of its levels.
You also visited: Sewer.

You collected 111 gold pieces.

Inventory:

Hand Weapons
 a - a +0 shortbow (weapon)
Missiles
 l - a throwing net
Armour
 c - a +0 leather armour (worn)
 f - a +0 pair of gloves (worn)
 i - a +0 cloak (worn)
Wands
 e - a wand of quicksilver (3)
Scrolls
 b - 2 scrolls of immolation
 j - 2 scrolls of teleportation
 o - 3 scrolls of identify {unknown}
 r - a scroll of amnesia {unknown}
Potions
 g - a potion of mutation
 h - a potion of berserk rage {unknown}
 k - a potion of degeneration
 p - a potion of brilliance {unknown}
 q - a potion of attraction


   Skills:
 + Level 3.9 Fighting
 * Level 6.5 Ranged Weapons
 - Level 2.0 Armour
 - Level 3.0 Dodging
 - Level 0.6 Stealth


You had 5 spell levels left.
You didn't know any spells.
Your spell library was empty.

Dungeon Overview and Level Annotations

Branches:
Dungeon (3/15) Zot: 644     Sewer (visited)

Altars:
Makhleb


Innate Abilities, Weirdness & Mutations

You passively map a small area around you.
You are easily found by Zot.
You glow in the dark.
You regain HP and MP as you explore.
Your mind is acute. (Int +4, Str/Dex -1)


Message History

The orc hits you with a +0 dagger.
* * * LOW HITPOINT WARNING * * *
The orc closely misses you.
Fire: a) +0 shortbow
Press: ? - help, Shift-Dir - straight line, f/p - orc
Aim: an orc, wielding a +0 dagger and wearing a +0 chain mail (almost dead, 72% to hit)
You shoot an arrow. The arrow barely misses the orc.
The orc closely misses you. The orc hits you but does no damage.
Fire: a) +0 shortbow
Press: ? - help, Shift-Dir - straight line, f/p - orc
Aim: an orc, wielding a +0 dagger and wearing a +0 chain mail (almost dead, 72% to hit)
You shoot an arrow. The arrow barely misses the orc.
The orc hits you but does no damage. The orc hits you with a +0 dagger.
* * * LOW HITPOINT WARNING * * *
The orc hits you with a +0 dagger.
* * * LOW HITPOINT WARNING * * *
The orc hits you with a +0 hand axe.
* * * LOW HITPOINT WARNING * * *
Fire: a) +0 shortbow
Press: ? - help, Shift-Dir - straight line, f/p - orc
Aim: an orc, wielding a +0 dagger and wearing a +0 chain mail (severely wounded, 72% to hit)
You shoot an arrow. The arrow barely misses the orc.
The orc barely misses you. The orc hits you but does no damage.
It was a potion of cancellation.
You feel magically purged. The orc closely misses you.
The orc barely misses you.
It was a potion of degeneration.
There was something very wrong with that liquid.
You feel weakened.
You feel dopey.
You feel clumsy. The orc hits you with a +0 hand axe.
* * * LOW HITPOINT WARNING * * *
The orc barely misses you.
It was a potion of resistance.
You feel protected. The orc closely misses you.
The orc hits you but does no damage.
It was a potion of attraction.
You feel attractive to monsters. The orc hits you with a +0 hand axe.
* * * LOW HITPOINT WARNING * * *
The orc hits you with a +0 dagger.
You die...

#.# #.# #.# #.#
#.#####################.#
#.......................#
#.#.................###.#
#.#########.##.####.# #.# #.#
#....# #.# #.#
#######.#########.#######.###.###
#.......)...).)o@................
..#####o.########o##.####........
#...o...#* ####.##.####..##..##
.....o................<..........
#..#####.##.......##.......##..#.
#. ..# ###**###.......##..#. ..#,
*#.......##..#. * ..#, ,
#............. ...# ,
,,*#......###..#.


You could see 2 orcs.

Vanquished Creatures
  Ijyb (D:3)
  5 river rats (Sewer)
  5 adders
  3 gnolls (D:2)
  3 worms
  3 orcs (D:3)
  3 bats
  An endoplasm (D:3)
  3 giant cockroaches
  A goblin (D:1)
  2 hobgoblins
  14 jackals
  8 ball pythons
  4 frilled lizards
  17 kobolds
  24 rats
97 creatures vanquished.

Notes
Turn   | Place    | Note
-------+----------+-------------------------------------------
     0 | D:1      | oldriver the Meteoran Hunter began the quest for the Orb.
     0 | D:1      | Reached XP level 1. HP: 17/17 MP: 2/2
   136 | D:1      | Reached XP level 2. HP: 24/24 MP: 3/3
   177 | D:1      | You fall into a shaft and drop 1 floor!
   210 | D:2      | Reached skill level 1 in Armour
   213 | D:2      | Reached XP level 3. HP: 30/30 MP: 4/4
   397 | D:2      | Reached skill level 5 in Ranged Weapons
   397 | D:2      | Reached XP level 4. HP: 17/37 MP: 5/5
   474 | D:2      | Found a faded altar of an unknown god.
   800 | D:2      | Reached XP level 5. HP: 45/45 MP: 6/6
   915 | D:3      | Found a glowing drain.
   935 | Sewer    | Entered a sewer
  1171 | Sewer    | Reached skill level 6 in Ranged Weapons
  1172 | Sewer    | Gained mutation: Your mind is acute. (Int +4, Str/Dex -1)
                  | [potion of mutation]
  1183 | Sewer    | Reached XP level 6. HP: 43/51 MP: 7/7
  1415 | Sewer    | Glimpsed the power of Zot.
  1449 | D:3      | Found a burning altar of Makhleb.
  1551 | D:3      | Noticed Ijyb
  1561 | D:3      | HP: 2/52 [Ijyb/bolt of dispelling energy (18)]
  1562 | D:3      | Killed Ijyb
  1599 | D:3      | HP: 1/52 [orc/+0 hand axe (3)]
  1599 | D:3      | Slain by an orc

Illustrated notes

Levels and vault maps discovered:
D:1:      minmay_arrival_five_plusses, layout_loops_cross, nicolae_wormholes
D:2:      minmay_door_path, layout_basic, basic_ecumenical_altar
D:3:      layout_basic, bloody_makhleb, cheibrodos_sewer_entry_sluice, uniq_ijyb

Skill      XL: |  1  2  3  4  5 |
---------------+----------------+-----
Armour         | 1 2 |  2.0
Dodging        | 3 |  3.0
Ranged Weapons | 5 6 |  6.5
Fighting       | 3 |  3.9
Stealth        | |  0.6

Action                     |  1- 3 |  4- 6 || total
---------------------------+-------+-------++-------
   Fire: Shortbow          |    54 |   196 ||   250
    Use: Potion            |       |    12 ||    12
         Scroll            |       |     6 ||     6
 Armour: Leather armour    |    21 |    73 ||    94
  Dodge: Dodged            |    41 |   107 ||   148

Table legend: (Time is in decaauts)
 A = Elapsed time spent in this place.
 B = Non-inter-level travel time spent in this place.
 C = Inter-level travel time spent in this place.
 D = Time resting spent in this place.
 E = Time spent auto-exploring this place.
 F = Levels seen in this place.
 G = Mean time per level.
                   A        B        C        D        E       F      G
               +--------+--------+--------+--------+--------+-----+--------+
         Total |   1660 |   1660 |      0 |    113 |      0 |   4 |  415.0 |
       Dungeon |   1154 |   1154 |      0 |      0 |      0 |   3 |  384.7 |
         Sewer |    505 |    505 |      0 |    113 |      0 |   1 |  505.0 |
               +--------+--------+--------+--------+--------+-----+--------+

Top non-repeatable levels by time:
   Sewer: 505 daAuts
     D:2: 502 daAuts
     D:1: 377 daAuts
     D:3: 274 daAuts
